 Dungeon Crawl Stone Soup version 0.29-a0-43-g62a80824bf (webtiles) character file.

Game seed: 9059467819714559009

1024 blackman the Chopper (level 8, -10/58 HPs)
             Began as a Human Delver on Feb 2, 2022.
             Was an Elder of Cheibriados.
             Mangled by an ice beast (12 damage)
             ... on level 5 of the Dungeon.
             The game lasted 00:20:17 (8967 turns).

blackman the Chopper (Human Delver)                 Turns: 8967, Time: 00:20:18

Health: -10/58     AC:  9    Str: 24    XL:     8   Next: 46%
Magic:  8/8        EV:  9    Int: 20    God:    Cheibriados [****..]
Gold:   305        SH:  0    Dex: 23    Spells: 7/7 levels left

rFire   . . .      SeeInvis .   a - +0 morningstar
rCold   . . .      Faith    .   (no shield)
rNeg    . . .      Spirit   .   B - +0 chain mail
rPois   .          Reflect  .   (no helmet)
rElec   .          Harm     .   c - +0 cloak
rCorr   .          Rampage  .   (no gloves)
Will    .....                   (no boots)
Stlth   ..........              w - amulet of magic regeneration
HPRegen 0.19/turn               (no ring)
MPRegen 0.51/turn               (no ring)

@: very slow
A: no striking features
a: Renounce Religion, Bend Time, Temporal Distortion, Slouch


You were on level 5 of the Dungeon.
You worshipped Cheibriados.
Cheibriados was greatly pleased with you.
You visited 2 branches of the dungeon, and saw 6 of its levels.

You collected 305 gold pieces.

Inventory:

Hand Weapons
 a - a +0 morningstar (weapon)
 b - a +0 hunting sling
 j - a +1 dagger of venom
 q - a +0 battleaxe
 u - a +0 hand axe
Missiles
 i - 17 sling bullets
 k - 3 poisoned darts (quivered)
 l - 12 boomerangs
 A - 2 javelins
Armour
 c - a +0 cloak (worn)
 v - a +0 ring mail
 x - a +0 leather armour
 B - a +0 chain mail (worn)
Magical Staves
 d - a staff of poison
Jewellery
 e - a ring of fire
 w - an amulet of magic regeneration (around neck)
Wands
 g - a wand of digging (8)
 y - a wand of acid (6)
Scrolls
 n - 5 scrolls of identify {unknown}
 o - a scroll of noise {unknown}
 r - 2 scrolls of vulnerability {unknown}
 s - a scroll of enchant armour {unknown}
Potions
 f - 3 potions of haste
 h - a potion of resistance {unknown}
 m - 2 potions of might {unknown}
 p - a potion of lignification {unknown}
 t - a potion of flight {unknown}
 z - 2 potions of heal wounds {unknown}


   Skills:
 - Level 3.0 Fighting
 - Level 6.2(7.4) Axes
 * Level 6.0(7.3) Maces & Flails
 - Level 2.0 Dodging
 - Level 5.0 Stealth
 - Level 3.2 Unarmed Combat


You had 7 spell levels left.
You didn't know any spells.
Your spell library contained the following spells:

 Spells                   Type           Power      Damage    Failure   Level
 Summon Small Mammal      Summ           0%         N/A       86%         1
 Call Canine Familiar     Summ           0%         N/A       99%         3
 Summon Guardian Golem    Hex/Summ       0%         N/A       99%         3


Dungeon Overview and Level Annotations

Branches:
Dungeon (5/15)             Temple (1/1) D:4

Altars:
Cheibriados
Dithmenos
Elyvilon
Fedhas
Gozag
Hepliaklqana
Kikubaaqudgha
Makhleb
Nemelex Xobeh
Okawaru
Qazlal
Ru
Sif Muna
Uskayaw
Wu Jian
Yredelemnul
Zin

Shops:
D:4 :   D:5 :


Message History

The javelin pierces through the orc.
The orc is severely wounded.
The javelin pierces through the ice beast.
The ice beast is lightly wounded.
Throw: 4 javelins
Press: ? - help, Shift-Dir - straight line, f/p - ice beast
Aim: an ice beast (64% to hit)
You throw a javelin. The javelin barely misses the orc.
The javelin pierces through the ice beast!
The ice beast is moderately wounded.
The orc barely misses you. The orc hits you but does no damage.
Throw: 3 javelins
Press: ? - help, Shift-Dir - straight line, f/p - ice beast
Aim: an ice beast (moderately wounded, 64% to hit)
You throw a javelin. The javelin pierces through the orc.
You kill the orc!
Cheibriados appreciates the change of pace.
The javelin pierces through the ice beast.
The ice beast is heavily wounded.
The ice beast hits you but does no damage.
The ice beast closely misses you. The ice beast hits you.
The ice beast freezes you!
The ice beast hits you but does no damage.
The ice beast hits you. The ice beast freezes you!
* * * LOW HITPOINT WARNING * * *
You hit the ice beast.
The ice beast is severely wounded.
The ice beast barely misses you.
You hit the ice beast but do no damage.
The ice beast is severely wounded.
The ice beast hits you.
* * * LOW HITPOINT WARNING * * *
The ice beast freezes you.
* * * LOW HITPOINT WARNING * * *
You hit the ice beast.
The ice beast is almost dead.
The ice beast hits you.
* * * LOW HITPOINT WARNING * * *
The ice beast freezes you!
You die...

******#######.#.#####.#.#.#.#*,#.
,,,,,,............>...#.#.#,#*,#.
**,***#######.#......<#.#.#,**,#.
,,,* #.#########.#.#.#*,#. ,,,*
#..)............#*,#. ,,,*
############.#.###*,#. **,**##***
#..,,,,,,,,..#...,,,#.
##.......###.###################.
....(....(.....Y@................
**,,,,...###)####################
*,,,........†# *,,,....#....#
*,**##*,#....# *,* *,#....# *.#
*,#.#.## *.# *,#.#.# *.# *,#.#.#


You could see an ice beast.

Vanquished Creatures
  A wyvern (D:4)
  An ogre (D:5)
  2 necrophages (D:5)
  A bullfrog (D:4)
  A water moccasin skeleton (D:5)
  A jelly (D:5)
  2 hounds
  2 orc priests
  Jessica (D:3)
  Natasha (thrice) (D:3)
  2 iguanas (D:4)
  An orc wizard (D:5)
  A scorpion zombie (D:5)
  Robin (D:3)
  3 adders (D:3)
  A white imp (D:5)
  4 worms
  11 orcs
  6 endoplasms
  3 giant cockroaches
  17 goblins
  11 hobgoblins
  5 jackals
  2 kobolds (D:1)
  3 quokkas
  11 ball pythons
  9 bats
  3 frilled lizards
  6 rats
115 creatures vanquished.

Vanquished Creatures (others)
  5 toadstools (D:1)
5 creatures vanquished.

Grand Total: 120 creatures vanquished

Notes
Turn   | Place    | Note
-------+----------+-------------------------------------------
     0 | D:5      | blackman the Human Delver began the quest for the Orb.
     0 | D:5      | Reached XP level 1. HP: 18/18 MP: 1/1
    21 | D:4      | Found a staircase to the Ecumenical Temple.
    29 | Temple   | Entered the Ecumenical Temple
   117 | Temple   | Became a worshipper of Cheibriados the Contemplative
   157 | D:4      | Noticed an orc priest
   508 | D:3      | Reached XP level 2. HP: 16/24 MP: 2/2
   945 | D:3      | Reached XP level 3. HP: 13/29 MP: 3/3
  1064 | D:3      | Noticed Jessica
  2010 | D:3      | Noticed Robin
  3045 | D:2      | Reached XP level 4. HP: 33/35 MP: 4/4
  3147 | D:2      | Reached * piety under Cheibriados
  3854 | D:1      | Reached ** piety under Cheibriados
  4119 | D:1      | Found a faded altar of an unknown god.
  4544 | D:1      | Reached skill level 1 in Unarmed Combat
  4605 | D:1      | Reached XP level 5. HP: 39/41 MP: 5/5
  4828 | D:3      | Noticed Natasha
  4847 | D:3      | Killed Natasha
  4848 | D:3      | Reached skill level 5 in Axes
  4853 | D:3      | Found an opulent altar of Gozag.
  5153 | D:3      | Noticed Natasha
  5161 | D:3      | Killed Jessica
  5167 | D:3      | Killed Natasha
  5168 | D:3      | Reached XP level 6. HP: 10/47 MP: 6/6
  5178 | D:3      | Noticed Natasha
  5699 | D:3      | Killed Natasha
  5742 | D:3      | Found a hazy altar of Hepliaklqana.
  5821 | D:3      | Reached *** piety under Cheibriados
  5829 | D:3      | Killed Robin
  6338 | D:3      | HP: 1/47 [goblin (4)]
  7028 | D:4      | Found Sayluruck's Book Shop.
  7525 | D:4      | Reached XP level 7. HP: 52/52 MP: 7/7
  7538 | D:4      | Found a sparkling altar of Nemelex Xobeh.
  7565 | D:4      | You fall into a shaft and drop 1 floor!
  7605 | D:5      | Found Deyt's Book Shoppe.
  8159 | D:4      | Noticed a wyvern
  8171 | D:4      | Killed a wyvern
  8172 | D:4      | Reached XP level 8. HP: 34/58 MP: 8/8
  8408 | D:4      | Found an ancient bone altar of Kikubaaqudgha.
  8823 | D:5      | Reached skill level 5 in Maces & Flails
  8958 | D:5      | Reached **** piety under Cheibriados
  8967 | D:5      | HP: 2/58 [ice beast (1)]
  8967 | D:5      | Mangled by an ice beast

Illustrated notes

Levels and vault maps discovered:
D:1:      ldierk_walled_garden, layout_loops_corners,
          ebering_ecumenical_altar_sacrificial, st_stairs_12
D:2:      minmay_chambers_of_ones, layout_basic
D:3:      layout_rooms, nicolae_gozag_cash_rules_everything_around_me,
          marbit_many_paths, serial_glass, glass_columns_a, glass_columns_c,
          nicolae_underground_beach, uniq_robin, uniq_natasha, uniq_jessica
D:4:      layout_basic, nemelex_xobeh_ov_fountains_minmay,
          nicolae_kikubaaqudgha_miasma_corner, minmay_temple_entry_fiery,
          serial_shops, shop_statue
D:5:      layout_basic, serial_shops, shop, nicolae_shop_trees
Temple:   dshaligram_water_room_temple

Skill      XL: |  1  2  3  4  5  6  7  8 |
---------------+-------------------------+-----
Axes           | 3 4 5 6 |  6.2
Unarmed Combat | 1 3 |  3.2
Maces & Flails | 4 6 |  6.0
Fighting       | |  3.0
Dodging        | |  2.0
Stealth        | |  5.0

Action                   |  1- 3 |  4- 6 |  7- 9 || total
-------------------------+-------+-------+-------++-------
Melee: Hand axe          |   109 |   112 |       ||   221
       Punch             |     2 |     3 |     3 ||     8
       Battleaxe         |       |    54 |       ||    54
       Morningstar       |       |    14 |    68 ||    82
 Fire: Hunting sling     |       |       |     4 ||     4
Throw: Dart              |       |       |     4 ||     4
       Javelin           |       |       |     4 ||     4
Invok: Bend Time         |       |       |     1 ||     1
  Use: Scroll            |     3 |       |       ||     3
 Stab: Sleeping          |     4 |    18 |       ||    22
Armor: Leather armour    |    34 |    33 |       ||    67
       Ring mail         |       |     4 |    11 ||    15
       Chain mail        |       |       |    19 ||    19
Dodge: Dodged            |    96 |   127 |    55 ||   278

Table legend: (Time is in decaauts)
 A = Elapsed time spent in this place.
 B = Non-inter-level travel time spent in this place.
 C = Inter-level travel time spent in this place.
 D = Time resting spent in this place.
 E = Time spent auto-exploring this place.
 F = Levels seen in this place.
 G = Mean time per level.
                   A        B        C        D        E       F      G
               +--------+--------+--------+--------+--------+-----+--------+
         Total |  10578 |  10239 |    339 |   4651 |   4170 |   6 | 1763.0 |
       Dungeon |  10478 |  10146 |    332 |   4651 |   4106 |   5 | 2095.6 |
        Temple |    100 |     93 |      7 |      0 |     64 |   1 |  100.0 |
               +--------+--------+--------+--------+--------+-----+--------+

Top non-repeatable levels by time:
     D:3: 3994 daAuts
     D:2: 2130 daAuts
     D:4: 1913 daAuts
     D:1: 1523 daAuts
     D:5: 916 daAuts
  Temple: 100 daAuts
